[Event "Titled Tuesday Blitz January 03 Early 2023"]
[White "Real_taiatai"]
[Black "Horobetz, Graham"]
[BlackFideId "2047322"]
[WhiteElo "2390"]
[BlackElo "2140"]
[Result "1-0"]
[Round "02"]
[TimeControl "180+2"]
[Date "2023.01.03"]
[WhiteClock "0:00:11"]
[BlackClock "0:00:08"]

1. e4 c5 2. Nf3 d6 3. Nc3 Nf6 4. d4 cxd4 5. Nxd4 a6 6. Be2 e5 7. Nb3 Be7 8. Bg5 Be6 9. Nd2 Qc7 10. a4 Nbd7 11. O-O O-O 12. Re1 Rac8 13. Nf1 h6 14. Bh4 Nc5 15. Bxf6 Bxf6 16. Ne3 Nd7 17. Bg4 Nb6 18. Bf5 g6 19. Bxe6 fxe6 20. a5 Nd7 21. Qg4 Kf7 22. Rf1 Nc5 23. f4 exf4 24. Rxf4 Kg7 25. Kh1 Be5 26. Rf3 h5 27. Qg5 Bxc3 28. bxc3 Nxe4 29. Qh4 d5 30. Raf1 Rxf3 31. gxf3 Nd2 32. Qd4+ Kh7 33. Qxd2 Qxa5 34. Rg1 Qxc3 35. Qg2 Qf6 36. Qe2 Rf8 37. Rg3 a5 38. Qd3 a4 39. Ng2 Qf5 40. Qc3 e5 41. Nh4 d4 42. Qc7+ Rf7 43. Qd8 Qxc2 44. Nxg6 Qc1+ 45. Kg2 Rg7 46. Qh8# 1-0


[Site "https://www.chess.com"]

[Event "Titled Tuesday Blitz January 03 Early 2023"]
[White "Chernov, Mikhail"]
[Black "Fiorito, Francisco"]
[WhiteFideId "24143170"]
[BlackFideId "180165"]
[WhiteElo "2205"]
[BlackElo "2305"]
[Result "0-1"]
[Round "02"]
[TimeControl "180+2"]
[Date "2023.01.03"]
[WhiteClock "0:00:02"]
[BlackClock "0:00:07"]

1. e4 c5 2. Nf3 Nc6 3. d4 cxd4 4. Nxd4 g6 5. Nc3 Bg7 6. Be3 Nf6 7. Bc4 O-O 8. Bb3 Re8 9. O-O d6 10. h3 Na5 11. f4 Nxb3 12. axb3 Nd7 13. Qf3 Qc7 14. Nd5 Qd8 15. c4 e6 16. Nc3 Qe7 17. Ndb5 Nc5 18. b4 Na6 19. Nxa7 Bd7 20. b5 Nb4 21. Qf2 d5 22. c5 dxe4 23. Nxe4 Nd3 24. Qd2 Nxb2 25. Nd6 Red8 26. Bd4 Nc4 27. Nxc4 Bxd4+ 28. Qxd4 Bxb5 29. Nxb5 Rxd4 30. Rxa8+ Rd8 31. Rxd8+ Qxd8 32. Ncd6 Qd7 33. Kh2 Qc6 34. Ra1 Qxc5 35. Ra8+ Kg7 36. Rb8 Qb4 37. Kg3 Qb3+ 38. Kh2 Qb4 39. Rxb7 Qxf4+ 40. Kg1 Qc1+ 41. Kf2 Qc5+ 42. Ke2 Qe5+ 43. Kd3 Qd5+ 44. Kc3 Qxg2 45. Rxf7+ Kh6 46. h4 Qh3+ 47. Kd4 Qxh4+ 48. Ke5 Qg5+ 49. Kxe6 Qe3+ 50. Kd7 Qh3+ 51. Kd8 Qd3 52. Rd7 Qb3 53. Nc7 Qb6 54. Kc8 Qb1 55. Re7 Kg5 56. Rxh7 Kg4 57. Rg7 g5 58. Ne6 Qc2+ 59. Kd7 Qa4+ 60. Ke7 Qa7+ 61. Kf6 Qa1+ 62. Kf7 Qa7+ 63. Kg8 Qb8+ 64. Kh7 Qb1+ 65. Kh6 Qh1+ 66. Kg6 Qh5+ 67. Kf6 Qh6+ 68. Rg6 Qh8+ 69. Kf7 Qh7+ 70. Rg7 Qh5+ 71. Kf8 Qh6 72. Nxg5 Qxd6+ 73. Kg8 Qb8+ 74. Kh7 Kh5 75. Nf7 Qb1+ 76. Kh8 Qb2 77. Kg8 Qb8+ 78. Kh7 Qb1+ 79. Kg8 Qb2 80. Rh7+ Kg6 81. Rh6+ Kf5 82. Rh7 Qb8+ 83. Kg7 Qb2+ 84. Kg8 Kf6 85. Rh6+ Ke7 86. Rh7 Qb8+ 87. Kg7 Qg3+ 88. Kh8 Kf8 89. Nh6 Qc3+ 90. Rg7 Qxg7# 0-1


[Site "https://www.chess.com"]

[Event "Titled Tuesday Blitz January 03 Early 2023"]
[White "Mihajlov, Sebastian"]
[Black "Golizadeh, Asghar"]
[WhiteFideId "1512110"]
[BlackFideId "12505269"]
[WhiteElo "2373"]
[BlackElo "2455"]
[Result "1-0"]
[Round "02"]
[TimeControl "180+2"]
[Date "2023.01.03"]
[WhiteClock "0:00:23"]
[BlackClock "0:00:02"]

1. e4 g6 2. d4 Bg7 3. Nc3 c5 4. dxc5 Bxc3+ 5. bxc3 Qa5 6. Qd4 Nf6 7. Qb4 Qc7 8. Bd3 Nc6 9. Qa3 Nxe4 10. Bxe4 Qe5 11. f3 f5 12. Ne2 fxe4 13. Bf4 Qh5 14. O-O e5 15. Ng3 Qh4 16. Be3 exf3 17. Rxf3 b6 18. cxb6 Bb7 19. Raf1 Qe7 20. Bc5 d6 21. Bxd6 Qe6 22. bxa7 Rxa7 23. Qc5 Ra5 24. Qb6 Qxd6 25. Qxb7 Ra7 26. Qc8+ Nd8 27. Ne4 Qb6+ 28. Kh1 Qb7 29. Nd6+ 1-0


[Site "https://www.chess.com"]

[Event "Titled Tuesday Blitz January 03 Early 2023"]
[White "Wilson, Elvin"]
[Black "Janaszak, Dawid"]
[WhiteFideId "2014874"]
[BlackFideId "1119206"]
[WhiteElo "2183"]
[BlackElo "2316"]
[Result "1/2-1/2"]
[Round "02"]
[TimeControl "180+2"]
[Date "2023.01.03"]
[WhiteClock "0:00:29"]
[BlackClock "0:00:35"]

1. c4 a6 2. g3 b5 3. Bg2 Nc6 4. b3 Nf6 5. Bb2 bxc4 6. bxc4 Rb8 7. Bc3 g6 8. d3 Bg7 9. Nf3 O-O 10. O-O Bb7 11. Nbd2 d5 12. cxd5 Qxd5 13. Qa4 e5 14. Nxe5 Nxe5 15. Bxd5 Nxd5 16. Rac1 Nxc3 17. Rxc3 Nf3+ 18. Nxf3 Bxc3 19. Rc1 Bxf3 20. exf3 Be5 21. d4 Bd6 22. Qxa6 Rb2 23. Re1 Rfb8 24. Re2 Rb1+ 25. Kg2 Rd1 26. Qa4 Rbb1 27. f4 Kg7 28. h4 h5 29. f5 gxf5 30. Qd7 f4 31. Qf5 fxg3 32. Qxh5 Rg1+ 33. Kf3 Rbf1 34. Qg5+ Kh7 35. Qf5+ Kg7 36. Qg5+ Kh7 37. Qh5+ Kg7 38. Qg5+ 1/2-1/2


[Site "https://www.chess.com"]

[Event "Titled Tuesday Blitz January 03 Early 2023"]
[White "aidenzhouu"]
[Black "Turzo, Attila"]
[BlackFideId "704954"]
[WhiteElo "2382"]
[BlackElo "2279"]
[Result "1-0"]
[Round "02"]
[TimeControl "180+2"]
[Date "2023.01.03"]
[WhiteClock "0:00:26"]
[BlackClock "0:00:01"]

1. d4 Nf6 2. c4 e6 3. Nf3 d5 4. g3 Bb4+ 5. Bd2 Be7 6. Bg2 O-O 7. O-O c6 8. Qc2 Nbd7 9. Bf4 b6 10. Rd1 Ba6 11. Ne5 Nxe5 12. dxe5 Nd7 13. cxd5 cxd5 14. e4 Rc8 15. Nc3 dxe4 16. Qa4 Bd3 17. Nxe4 Bxe4 18. Rxd7 Bc2 19. Qxa7 Qe8 20. Rxe7 Qb5 21. Qa3 Rc5 22. Rc1 Rfc8 23. Ra7 Qe2 24. Ra8 h6 25. Rxc8+ Rxc8 26. Qe3 Qb5 27. Be4 Qxb2 28. Rxc2 Rxc2 29. Bxc2 Qxc2 30. Qxb6 Qxa2 31. Qb8+ Kh7 32. Qb7 Kg6 33. Qe4+ f5 34. exf6+ Kxf6 35. Be5+ Kf7 36. Qb7+ Kg6 37. Qxg7+ Kf5 38. Qf6+ Ke4 39. Qf4+ Kd5 40. Qd4+ Kc6 41. Qc3+ Kd5 42. Qd4+ Kc6 43. Qd6+ Kb5 44. Kg2 Qa8+ 45. Kh3 Qg8 46. Qd3+ Kc6 47. Qe4+ Kc5 48. Kg2 Qf7 49. h4 h5 50. Qf3 Qg6 51. Bf4 Kc4 52. Be3 Qe8 53. Qe4+ Kb5 54. f4 Qd8 55. Qxe6 Qa8+ 56. Kh2 Qf3 57. Qe5+ Kc4 58. Bg1 Kb4 59. Qd4+ Kb5 60. Qc5+ Ka4 61. Qc4+ Ka5 62. Qa2+ Kb5 63. Qg2 Qg4 64. Qh3 Qe2+ 65. Qg2 Qg4 66. Qf2 Kb4 67. f5 Qg7 68. f6 Qf7 69. Qf5 Kc4 70. Qf4+ Kd5 71. Qf2 Ke4 72. Qe2+ Kf5 73. Qf3+ Ke6 74. Bd4 Qg6 75. Qe3+ Kd5 76. Qe5+ Kc4 77. Qf4 Qf7 78. Bf2+ Kd5 79. g4 hxg4 80. Qf5+ Kc4 81. h5 Kb4 82. Qxg4+ Kc3 83. Qf3+ Kd2 84. Qe3+ Kc2 85. Be1 Qxh5+ 86. Kg2 Qg6+ 87. Kf2 Qxf6+ 88. Ke2 Qb2 89. Qd3+ Kc1+ 90. Bd2+ Qxd2+ 91. Qxd2+ 1-0


[Site "https://www.chess.com"]

[Event "Titled Tuesday Blitz January 03 Early 2023"]
[White "Iskusnyh, Sergei"]
[Black "Dwilewicz, Katarzyna"]
[WhiteFideId "4120027"]
[BlackFideId "1148486"]
[WhiteElo "2440"]
[BlackElo "2115"]
[Result "1-0"]
[Round "02"]
[TimeControl "180+2"]
[Date "2023.01.03"]
[WhiteClock "0:01:36"]
[BlackClock "0:00:50"]

1. d4 d5 2. c4 e6 3. g3 c6 4. Bg2 Nf6 5. Qc2 Nbd7 6. Nf3 Bd6 7. O-O O-O 8. Nbd2 Re8 9. e4 dxe4 10. Nxe4 Nxe4 11. Qxe4 e5 12. Bg5 f6 13. Bd2 Bc7 14. c5 exd4 15. Qxd4 Ne5 16. Qxd8 Nxf3+ 17. Bxf3 Rxd8 18. Bc3 Be6 19. Rfe1 Kf7 20. b4 Rd3 21. Re3 Rxe3 22. fxe3 Rd8 23. Bd4 Bd5 24. Kf2 Ke6 25. Be2 Be5 26. a3 Be4 27. Bc4+ Kf5 28. Rd1 Bd5 29. Bd3+ Be4 30. g4+ Kxg4 31. Bxe4 Bxh2 32. Rh1 Be5 33. Rg1+ Kh5 34. Bxe5 fxe5 35. Rxg7 Rd2+ 36. Kf3 Ra2 37. Rxh7+ Kg5 38. Rxb7 Rxa3 39. Bxc6 1-0


[Site "https://www.chess.com"]

[Event "Titled Tuesday Blitz January 03 Early 2023"]
[White "Ehlvest, Jaan"]
[Black "Gaboyan, Susanna"]
[WhiteFideId "4500016"]
[BlackFideId "13303627"]
[WhiteElo "2530"]
[BlackElo "2160"]
[Result "1-0"]
[Round "02"]
[TimeControl "180+2"]
[Date "2023.01.03"]
[WhiteClock "0:01:17"]
[BlackClock "0:00:33"]

1. e4 c5 2. Nf3 Nc6 3. Bb5 g6 4. Bxc6 dxc6 5. d3 Bg4 6. Nbd2 e5 7. h3 Bxf3 8. Nxf3 Bg7 9. Be3 Qe7 10. Qd2 Nf6 11. O-O-O Nd7 12. g4 a5 13. Bh6 Bxh6 14. Qxh6 f6 15. Nd2 b5 16. f4 exf4 17. Qxf4 a4 18. a3 b4 19. Nc4 O-O 20. h4 Ne5 21. h5 g5 22. Qf5 Nxc4 23. dxc4 bxa3 24. Rd7 axb2+ 25. Kb1 Qxd7 26. Qxd7 a3 27. h6 Rf7 28. Qxc6 Rfa7 29. Ka2 Kf7 30. Rd1 Kg6 31. e5 Rf8 32. Qe4+ Kxh6 33. Rh1+ Kg7 34. Qxh7# 1-0


[Site "https://www.chess.com"]

[Event "Titled Tuesday Blitz January 03 Early 2023"]
[White "Da Silva Junior, Sediney Mari"]
[Black "gshwbedhkhd"]
[WhiteFideId "2132079"]
[WhiteElo "2010"]
[BlackElo "2529"]
[Result "0-1"]
[Round "02"]
[TimeControl "180+2"]
[Date "2023.01.03"]
[WhiteClock "0:01:20"]
[BlackClock "0:01:13"]

1. e4 c5 2. c3 Nf6 3. e5 Nd5 4. d4 cxd4 5. Nf3 d6 6. cxd4 e6 7. Bc4 Be7 8. O-O O-O 9. Nc3 Nxc3 10. bxc3 b6 11. Qe2 Bb7 12. Bf4 dxe5 13. Bxe5 Nd7 14. Bf4 Rc8 15. Bd2 Nf6 16. Bd3 h6 17. h3 Bd6 18. Ne5 Nd5 19. c4 Nf6 20. f4 Bxe5 21. Qxe5 Nd7 22. Qh5 Nc5 23. dxc5 Qxd3 24. Rad1 Rxc5 25. Qg4 h5 26. Qh4 Qe2 27. Qg3 h4 28. Qf2 Qxf2+ 29. Kxf2 Rxc4 30. a3 Rd8 31. Be3 Rc2+ 0-1


[Site "https://www.chess.com"]

[Event "Titled Tuesday Blitz January 03 Early 2023"]
[White "Hoffmann, Asa"]
[Black "Aggelis, Nikolaos"]
[WhiteFideId "2001470"]
[BlackFideId "4213220"]
[WhiteElo "2185"]
[BlackElo "2270"]
[Result "0-1"]
[Round "02"]
[TimeControl "180+2"]
[Date "2023.01.03"]
[WhiteClock "0:00:01"]
[BlackClock "0:00:31"]

1. d4 c6 2. Bg5 Qa5+ 3. Bd2 Qb6 4. Bc3 d5 5. Nd2 Bf5 6. g3 e6 7. Bg2 Nf6 8. f3 Nbd7 9. e4 Bg6 10. Nh3 Bb4 11. Nf4 Bxc3 12. bxc3 Qa5 13. e5 Ng8 14. Nxg6 hxg6 15. Nb1 Ne7 16. Qd3 c5 17. Nd2 Nc6 18. O-O c4 19. Qe3 O-O-O 20. a4 Rh5 21. f4 Rdh8 22. h4 Nd8 23. Nf3 f6 24. Kf2 Qa6 25. a5 Nf7 26. Rfe1 Nh6 27. Bh3 fxe5 28. dxe5 Nf5 29. Bxf5 gxf5 30. Nd4 R5h6 31. Reb1 Nc5 32. Kg2 Ne4 33. Nf3 Kb8 34. Ng5 Nxg5 35. fxg5 R6h7 36. Rb4 g6 37. Qc5 Rd7 38. Rab1 Rc8 39. Qd4 Qc6 40. Kf3 Rcc7 41. Rb5 Qa6 42. Rc5 Kc8 43. Rbb5 Kb8 44. Rxc7 Rxc7 45. Rc5 b6 46. axb6 axb6 47. Rxc7 Kxc7 48. g4 Qa1 49. gxf5 Qf1+ 50. Qf2 Qd1+ 51. Kg3 exf5 52. Qf3 Qxc2 53. h5 gxh5 54. g6 Qc1 55. Qf4 Qxc3+ 56. Kh4 Qe1+ 57. Kxh5 Qh1+ 58. Kg5 Qg1+ 59. Kf6 c3 60. e6+ Kb7 61. Qd6 Qd4+ 62. Kxf5 Qd3+ 63. Kf6 c2 0-1


[Site "https://www.chess.com"]

[Event "Titled Tuesday Blitz January 03 Early 2023"]
[White "Aghasiyev, Kamal"]
[Black "Balint, Vilmos"]
[WhiteFideId "13402854"]
[BlackFideId "718050"]
[WhiteElo "2441"]
[BlackElo "2169"]
[Result "1-0"]
[Round "02"]
[TimeControl "180+2"]
[Date "2023.01.03"]
[WhiteClock "0:00:16"]
[BlackClock "0:01:39"]

1. d4 f5 2. Nf3 Nf6 3. g3 g6 4. Bg2 Bg7 5. O-O O-O 6. c4 d6 7. Nc3 Nc6 8. d5 Ne5 9. Nxe5 dxe5 10. e4 f4 11. gxf4 exf4 12. Bxf4 Nxe4 13. Be3 Nxc3 14. bxc3 Bxc3 15. Rb1 Rb8 16. Bd4 Bxd4 17. Qxd4 b6 18. Rfe1 Bf5 19. Rb3 Qd6 20. Rbe3 Rf7 21. Qh4 Re8 22. Qg5 Kg7 23. h4 Qf6 24. Qg3 Qd6 25. Re5 h5 26. a4 a5 27. Qg5 Qf6 28. Qg3 Qd6 29. Bf3 Kf8 30. R1e3 Qf6 31. Kh2 Bd7 32. Kg2 Qf4 33. Qxf4 Rxf4 34. R3e4 Rxe4 35. Bxe4 Kf7 36. Rg5 Rg8 37. Bc2 Kf6 38. f4 Rg7 39. Kf3 Bg4+ 40. Ke3 Bf5 41. Bxf5 gxf5 42. Rxg7 Kxg7 43. Kd4 Kf6 44. c5 e6 45. cxb6 cxb6 46. d6 Kf7 47. Ke5 b5 48. axb5 a4 49. Kd4 a3 50. Kc3 e5 51. b6 exf4 52. b7 f3 53. b8=Q f2 54. Qb7+ Kg6 55. Qg2+ 1-0


[Site "https://www.chess.com"]

[Event "Titled Tuesday Blitz January 03 Early 2023"]
[White "Gjestemoen-VonHirsch, Andre"]
[Black "Danielyan, Vahe"]
[WhiteFideId "1539531"]
[BlackFideId "13304828"]
[WhiteElo "2314"]
[BlackElo "2346"]
[Result "0-1"]
[Round "02"]
[TimeControl "180+2"]
[Date "2023.01.03"]
[WhiteClock "0:00:05"]
[BlackClock "0:02:37"]

1. b3 a5 2. Bb2 a4 3. e4 e6 4. Nf3 Nf6 5. e5 Nd5 6. c4 Nb6 7. d4 d6 8. Bd3 Nc6 9. exd6 cxd6 10. O-O Be7 11. d5 exd5 12. Bxg7 Rg8 13. Bc3 Bh3 14. Ne1 d4 15. Bxh7 Rg7 16. Bxd4 Rxh7 17. gxh3 Qd7 18. Bxb6 Qxh3 19. Nf3 Rg7+ 0-1


[Site "https://www.chess.com"]

[Event "Titled Tuesday Blitz January 03 Early 2023"]
[White "Ronka, Erik"]
[Black "Qashashvili, Alexandre"]
[WhiteFideId "505080"]
[BlackFideId "13600842"]
[WhiteElo "2276"]
[BlackElo "2505"]
[Result "1-0"]
[Round "02"]
[TimeControl "180+2"]
[Date "2023.01.03"]
[WhiteClock "0:01:22"]
[BlackClock "0:01:25"]

1. d4 d5 2. Nf3 Nf6 3. g3 Bf5 4. Bg2 Qc8 5. h3 h6 6. c4 dxc4 7. Nc3 e6 8. Qa4+ c6 9. Qxc4 Nbd7 10. O-O Nd5 11. e4 Nxc3 12. exf5 Nd5 13. fxe6 fxe6 14. Re1 N7f6 15. Qe2 Nc7 16. Ne5 Bd6 17. Ng6 Rg8 18. Ne5 Bxe5 19. dxe5 Nfd5 20. Be4 g6 21. Bxh6 Qd7 22. Bg5 Qf7 23. Kg2 Nb5 24. Rad1 Nbc7 25. Rd3 Ne7 26. Bf6 Ncd5 27. Bg5 O-O-O 28. Bxd5 Rxd5 29. Bxe7 Qxe7 30. Rxd5 cxd5 31. Rc1+ Kb8 32. Qd3 Qg5 33. f4 Qe7 34. Qc3 a6 35. Qc5 Qd7 36. Kf3 g5 37. Qd6+ Qxd6 38. exd6 gxf4 39. Kxf4 e5+ 40. Kxe5 Rxg3 41. d7 Rg8 42. Rc8+ Rxc8 43. dxc8=Q+ Kxc8 44. Kxd5 Kd7 45. Kc5 Kc7 46. h4 b6+ 47. Kd5 Kd7 48. h5 a5 49. h6 1-0


[Site "https://www.chess.com"]

[Event "Titled Tuesday Blitz January 03 Early 2023"]
[White "Jiganchine, Roman"]
[Black "Dushyant Sharma"]
[WhiteFideId "2603667"]
[BlackFideId "25065130"]
[WhiteElo "2205"]
[BlackElo "2355"]
[Result "1/2-1/2"]
[Round "02"]
[TimeControl "180+2"]
[Date "2023.01.03"]
[WhiteClock "0:00:35"]
[BlackClock "0:00:29"]

1. e4 d5 2. exd5 Nf6 3. c4 c6 4. d4 cxd5 5. Nc3 e6 6. Nf3 Nc6 7. cxd5 exd5 8. Bb5 Bg4 9. Qa4 Rc8 10. Ne5 Bd7 11. Nxd7 Qxd7 12. O-O Be7 13. Re1 O-O 14. Bf4 a6 15. Bxc6 Rxc6 16. Be5 b5 17. Qb3 Rfc8 18. Bxf6 Bxf6 19. Nxd5 h6 20. Rad1 Rd6 21. Nxf6+ Rxf6 22. h3 Rd6 23. d5 Rd8 24. Re5 a5 25. Qf3 b4 26. b3 a4 27. g4 Qb5 28. Kg2 Qa5 29. Qe4 Qb5 30. Rd4 Rb8 31. Re7 axb3 32. axb3 Qc5 33. Rd3 Qb5 34. Rd4 Qc5 35. Rd3 Qb5 36. Rd4 1/2-1/2


[Site "https://www.chess.com"]

[Event "Titled Tuesday Blitz January 03 Early 2023"]
[White "Borrmann, Laurenz"]
[Black "Lacasa Diaz, Jose Antonio"]
[WhiteFideId "312187930"]
[BlackFideId "2203375"]
[WhiteElo "2304"]
[BlackElo "2359"]
[Result "1-0"]
[Round "02"]
[TimeControl "180+2"]
[Date "2023.01.03"]
[WhiteClock "0:00:08"]
[BlackClock "0:00:19"]

1. e4 c5 2. Nf3 g6 3. c4 Nc6 4. d4 cxd4 5. Nxd4 Nf6 6. Nc3 Nxd4 7. Qxd4 d6 8. Be2 Bg7 9. Be3 O-O 10. Qd2 a5 11. O-O a4 12. Rfd1 Qa5 13. Rab1 Be6 14. f3 Rfc8 15. b3 axb3 16. axb3 Qb4 17. Bd4 Nd7 18. Nd5 Bxd4+ 19. Qxd4 Bxd5 20. exd5 Ra3 21. Qg4 Qc5+ 22. Kh1 Nf6 23. Qf4 Qb4 24. Qe3 Rc7 25. h4 Kg7 26. Kh2 b5 27. Qd4 Ra2 28. Bf1 Qc5 29. cxb5 Qxd4 30. Rxd4 Rcc2 31. b6 Nd7 32. Rb4 Rc8 33. b7 Rb8 34. Rc1 Nc5 35. Rb6 Rxb7 36. Rxb7 Nxb7 37. Rc7 Nc5 38. Bc4 Kf6 39. b4 Na4 40. Bxa2 Nb6 41. Rb7 Nxd5 42. Bxd5 Ke5 43. Bc6 Kd4 44. b5 Kc3 45. Rxe7 Kd2 46. Rxf7 Ke3 47. Rd7 Kf2 48. Rxd6 Ke1 49. Rd7 Kf2 50. Re7 g5 51. b6 gxh4 52. Kh3 h5 53. b7 Kg1 54. b8=Q 1-0


[Site "https://www.chess.com"]

[Event "Titled Tuesday Blitz January 03 Early 2023"]
[White "Patrascu, Catalin-Lucian"]
[Black "Petrova, Irina"]
[WhiteFideId "1229052"]
[BlackFideId "14124122"]
[WhiteElo "2279"]
[BlackElo "2108"]
[Result "1-0"]
[Round "02"]
[TimeControl "180+2"]
[Date "2023.01.03"]
[WhiteClock "0:02:03"]
[BlackClock "0:01:48"]

1. e4 d6 2. d4 Nf6 3. Nc3 e5 4. Nf3 Nbd7 5. Bc4 Be7 6. O-O h6 7. Re1 c6 8. a4 Qc7 9. b3 g5 10. Ba3 Nf8 11. Bb2 Ng6 12. Ne2 Nf4 13. dxe5 dxe5 14. Bxe5 Nxe2+ 15. Qxe2 Qb6 16. a5 Qd8 17. Red1 Bd7 18. Bxf6 Bxf6 19. e5 Be7 20. e6 fxe6 21. Bxe6 1-0


[Site "https://www.chess.com"]

[Event "Titled Tuesday Blitz January 03 Early 2023"]
[White "Vasques, Antonio Pedro Freixial"]
[Black "Parpiev, Isaak"]
[WhiteFideId "1908332"]
[BlackFideId "34281576"]
[WhiteElo "2214"]
[BlackElo "2167"]
[Result "0-1"]
[Round "02"]
[TimeControl "180+2"]
[Date "2023.01.03"]
[WhiteClock "0:00:18"]
[BlackClock "0:00:19"]

1. e4 e6 2. d4 d5 3. Nd2 Nf6 4. e5 Nfd7 5. Bd3 c5 6. c3 Nc6 7. Ngf3 cxd4 8. cxd4 Qb6 9. O-O Nxd4 10. Nxd4 Qxd4 11. Nf3 Qb6 12. Qa4 Qb4 13. Qc2 Qc5 14. Qe2 Be7 15. Be3 Qa5 16. Bd2 Qb6 17. a4 O-O 18. a5 Qd8 19. Rfc1 Re8 20. Bb5 a6 21. Ba4 Rf8 22. Be3 b5 23. axb6 Nxb6 24. Bc2 Nc4 25. Bd4 Bd7 26. b3 Na3 27. Bd3 Bb5 28. Bc5 Bxd3 29. Qxd3 Bxc5 30. Rxc5 Nb5 31. Rc6 Qd7 32. Rcxa6 Rxa6 33. Rxa6 Rc8 34. g3 g6 35. h4 Rc3 36. Ra8+ Kg7 37. Qe2 Qc6 38. Kg2 Qxa8 39. Qxb5 d4 40. Qb4 Qxf3+ 0-1


[Site "https://www.chess.com"]

[Event "Titled Tuesday Blitz January 03 Early 2023"]
[White "Perez Rodriguez, Jennifer"]
[Black "Carlstedt, Jonathan"]
[WhiteFideId "3507831"]
[BlackFideId "24614386"]
[WhiteElo "2242"]
[BlackElo "2441"]
[Result "1-0"]
[Round "02"]
[TimeControl "180+2"]
[Date "2023.01.03"]
[WhiteClock "0:01:05"]
[BlackClock "0:00:47"]

1. e4 c5 2. c3 Qa5 3. Nf3 Nc6 4. Na3 e6 5. Be2 Nf6 6. e5 Ng4 7. Nc4 Qc7 8. d4 cxd4 9. cxd4 Bb4+ 10. Bd2 Bxd2+ 11. Qxd2 O-O 12. Rc1 f5 13. O-O b6 14. Nd6 Qd8 15. b4 Rb8 16. b5 Ne7 17. Rc2 Bb7 18. Rfc1 Nd5 19. Bc4 Ne7 20. Qe2 Ng6 21. h3 Nh6 22. Qe3 Bxf3 23. Qxf3 Qg5 24. Bf1 Nf7 25. Nxf7 Rxf7 26. Rc8+ Rf8 27. Rxb8 Rxb8 28. Rc7 h6 29. Rxd7 Rc8 30. Qb7 1-0


[Site "https://www.chess.com"]

[Event "Titled Tuesday Blitz January 03 Early 2023"]
[White "Garv Gaur"]
[Black "Gutkin, Ilya"]
[WhiteFideId "45030839"]
[BlackFideId "16203470"]
[WhiteElo "2006"]
[BlackElo "2273"]
[Result "0-1"]
[Round "02"]
[TimeControl "180+2"]
[Date "2023.01.03"]
[WhiteClock "0:00:16"]
[BlackClock "0:00:08"]

1. Nf3 c5 2. g3 g6 3. Bg2 Bg7 4. O-O Nc6 5. c3 e5 6. e4 Nge7 7. Na3 O-O 8. Nc2 d5 9. exd5 Qxd5 10. d4 exd4 11. Nfxd4 Qd7 12. Nb3 b6 13. Bf4 Rd8 14. Re1 Bb7 15. Qxd7 Rxd7 16. a4 Nd5 17. a5 Nxf4 18. gxf4 Rc8 19. Ne3 f5 20. Nc4 Ba6 21. Ne5 Nxe5 22. fxe5 Bc4 23. Nc1 b5 24. b3 Be6 25. b4 cxb4 26. cxb4 Rd2 27. Bf1 Rcc2 28. Nd3 Bc4 29. e6 Bxe6 30. Rxe6 Bxa1 31. Re8+ Kf7 32. Rb8 Bd4 33. Rxb5 Bxf2+ 34. Nxf2 Rxf2 35. Bc4+ Kf6 36. Bd5 Rfd2 37. Bg2 Rxg2+ 38. Kf1 Rxh2 39. Kg1 Rhd2 40. Re5 Kxe5 41. b5 Rc1# 0-1


[Site "https://www.chess.com"]

[Event "Titled Tuesday Blitz January 03 Early 2023"]
[White "Mazibuko, Khanya"]
[Black "Taboas Rodriguez, Daniel"]
[WhiteFideId "14321041"]
[BlackFideId "2208466"]
[WhiteElo "1913"]
[BlackElo "2371"]
[Result "1-0"]
[Round "02"]
[TimeControl "180+2"]
[Date "2023.01.03"]
[WhiteClock "0:00:14"]
[BlackClock "0:00:13"]

1. e4 e5 2. Nf3 Nc6 3. Bb5 Nf6 4. O-O Nxe4 5. d4 Nd6 6. dxe5 Nf5 7. Nc3 Bb4 8. Nd5 Ba5 9. Bg5 Nce7 10. Bd3 h6 11. Nf6+ gxf6 12. Bxf6 O-O 13. Bxf5 Nxf5 14. Bxd8 Rxd8 15. Qd3 d6 16. Rad1 Be6 17. Qb5 Bb6 18. exd6 Rxd6 19. Rxd6 Nxd6 20. Qh5 Kg7 21. Re1 Rd8 22. c3 Rd7 23. Nd4 Bxd4 24. cxd4 Nf5 25. Rd1 Rd5 26. Qg4+ Kf6 27. Qf4 h5 28. h3 Kg6 29. Kh2 c5 30. g4 Nxd4 31. gxh5+ Rxh5 32. Rg1+ Kh7 33. Rg3 Nf5 34. Ra3 a6 35. Rc3 Nd4 36. Rg3 Nf5 37. Rg5 Rxg5 38. Qxg5 b5 39. a3 a5 40. Qd2 b4 41. axb4 axb4 42. Qc2 c4 43. Kg1 b3 44. Qc3 Kg6 45. Qe5 Kg5 46. Kf1 Kh4 47. Qh8+ Kg5 48. Ke2 Kf4 49. Kd2 Kf3 50. h4 Kg4 51. h5 Kg5 52. Kc3 Nh6 53. Qe5+ Kh4 54. f4 Ng4 55. Qg5+ Kg3 56. f5 Bd5 57. h6 f6 58. Qxg4+ Kxg4 59. h7 Kxf5 60. h8=Q Ke5 61. Qh2+ Kf5 62. Kd4 Be6 63. Qh3+ Kg5 64. Qxe6 1-0


[Site "https://www.chess.com"]

[Event "Titled Tuesday Blitz January 03 Early 2023"]
[White "Kvaloy, Aksel Bu"]
[Black "Dardha, Arben"]
[WhiteFideId "1528815"]
[BlackFideId "4700481"]
[WhiteElo "2321"]
[BlackElo "2262"]
[Result "1-0"]
[Round "02"]
[TimeControl "180+2"]
[Date "2023.01.03"]
[WhiteClock "0:00:22"]
[BlackClock "0:00:04"]

1. d4 Nf6 2. c4 e6 3. g3 d5 4. Nf3 c5 5. cxd5 Nxd5 6. Bg2 Nc6 7. O-O b6 8. Nc3 Bb7 9. Nxd5 exd5 10. b3 Be7 11. Bb2 O-O 12. Rc1 Rc8 13. Qd2 Re8 14. Rfd1 cxd4 15. Nxd4 Nxd4 16. Bxd4 Rxc1 17. Rxc1 Bf6 18. e3 h6 19. Qb2 Bxd4 20. Qxd4 Qd6 21. Rd1 Rd8 22. e4 Qa3 23. exd5 Qxa2 24. Qh4 Rd7 25. Qe4 Qxb3 26. Qe8+ Kh7 27. Be4+ g6 28. Qxd7 Qxd1+ 29. Kg2 Qd4 30. Qxf7+ Qg7 31. Bxg6+ Kh8 32. Qe8+ Qg8 33. Qe5+ Qg7 34. Qb8+ Qg8 35. Qxb7 Qxg6 36. Qe7 Qf5 37. d6 Qd5+ 38. f3 Qd2+ 39. Kh3 Qd5 40. d7 Qf5+ 41. Kh4 1-0


[Site "https://www.chess.com"]

[Event "Titled Tuesday Blitz January 03 Early 2023"]
[White "Lehtosaari, Mauri"]
[Black "Kusa, Jakub"]
[WhiteFideId "501999"]
[BlackFideId "395595"]
[WhiteElo "2176"]
[BlackElo "2366"]
[Result "1/2-1/2"]
[Round "02"]
[TimeControl "180+2"]
[Date "2023.01.03"]
[WhiteClock "0:00:08"]
[BlackClock "0:00:16"]

1. d4 d5 2. c4 e6 3. Nc3 a6 4. cxd5 exd5 5. Nf3 h6 6. Bf4 Nf6 7. e3 Bd6 8. Bg3 c6 9. Bd3 Bg4 10. Bxd6 Qxd6 11. h3 Bxf3 12. Qxf3 Nbd7 13. O-O O-O 14. a3 a5 15. Rad1 Rfe8 16. Rfe1 a4 17. Bc2 Nb6 18. Re2 Qe6 19. Rde1 Ne4 20. Nxe4 dxe4 21. Qg3 Nc4 22. Bb1 Nd6 23. f3 Ra5 24. f4 f5 25. Rc1 Rd8 26. Rec2 Kh7 27. Qh4 Rd7 28. Qe1 Rb5 29. Qe2 Rd8 30. Kh2 Qb3 31. g4 fxg4 32. hxg4 h5 33. Rd2 hxg4 34. Re1 Rh8 35. Qxg4 Qf7 36. Kg1 Kg8 37. Rg2 Rh6 38. Bc2 Rbh5 39. Kf2 Nf5 40. Reg1 Rh2 41. Bxa4 Rxg2+ 42. Rxg2 Rh4 43. Qg5 Rh3 44. Qd8+ Kh7 45. Bc2 Rf3+ 46. Kg1 Rxe3 47. Rh2+ Kg6 48. Qa5 Rg3+ 49. Kh1 Qc4 50. Qe1 Rg4 51. Bd1 Rg3 52. Rg2 Rxg2 53. Kxg2 Qxd4 54. Kh2 Qe3 55. Qg1+ Qxg1+ 56. Kxg1 Kf6 57. Kf2 e3+ 58. Kf3 g5 59. fxg5+ Kxg5 60. Bc2 Nd4+ 61. Kxe3 Nxc2+ 62. Kd3 Na1 63. Kc3 Kf4 64. b4 Ke3 65. Kb2 Kd3 66. Kxa1 Kc3 67. Ka2 b5 68. a4 Kxb4 69. axb5 Kxb5 70. Kb3 Kc5 71. Kc3 Kd5 72. Kd3 Kd6 73. Kc4 c5 74. Kc3 Kd5 75. Kd3 c4+ 76. Kc3 Kc5 77. Kc2 Kd4 78. Kd2 c3+ 79. Kc2 Kc4 80. Kc1 Kd3 81. Kd1 c2+ 82. Kc1 Ke2 83. Kxc2 1/2-1/2


[Site "https://www.chess.com"]

[Event "Titled Tuesday Blitz January 03 Early 2023"]
[White "Mayaud, Raphael"]
[Black "Ozdemir, Serhan Berat"]
[WhiteFideId "627151"]
[BlackFideId "6374611"]
[WhiteElo "2201"]
[BlackElo "2223"]
[Result "0-1"]
[Round "02"]
[TimeControl "180+2"]
[Date "2023.01.03"]
[WhiteClock "0:00:19"]
[BlackClock "0:01:09"]

1. d4 Nf6 2. Nf3 g6 3. e3 Bg7 4. Be2 O-O 5. O-O d6 6. b3 e5 7. dxe5 Ng4 8. Bb2 Nc6 9. Nbd2 Ngxe5 10. Nxe5 dxe5 11. Nc4 Qg5 12. f4 exf4 13. Bxg7 Kxg7 14. exf4 Qc5+ 15. Kh1 Bf5 16. Bf3 Rad8 17. Qc1 Nd4 18. Qb2 Kg8 19. Ne3 Nxf3 20. Nxf5 Qxf5 21. Rxf3 Rd2 22. Qc3 Rfd8 23. Qxc7 Qxc2 24. Rg3 Qxc7 0-1


[Site "https://www.chess.com"]